AoeStats
← NotGG

Black Forest

509949679Analyzed
4v4 RM · 4d ago on Sep 28, 2026· 60m 35s· 8 players
Game mode
Random Map
Map size
Large (8 player)
Population
200
Speed
Normal
Resources
Standard
Victory
Conquest
Starting age
Dark Age
Ending age
Imperial Age
RankedLock teamsTeams togetherTeam positionsShared explorationLock speedFull tech treeHidden civsTurbo modeCheats
Victory
Defeat
🇦🇷 Italians · Argentina
1256
+15
🇫🇷 Khitans · France
1238
+16
🇦🇷 Persians · Argentina
1237
+16
🇦🇷 Vietnamese · Argentina
1236
+16
🇹🇷 Varangians · Türkiye
1304
-19
🇷🇺 Mongols · Russia
1272
-17
🇫🇮 Franks · Finland
1204
-14
🇺🇸 Saxons · United States
1169
-13
NotGG
1:00 Loom
8:52 Feudal Age
9:25 Double-Bit Axe
17:34 Castle Age
17:26 Stone Mining
24:38 Fletching
25:57 Town Watch
30:08 Imperial Age
28:08 Padded Archer Armor
28:43 Masonry
29:05 Murder Holes
29:29 Bow Saw
29:09 Gold Mining
29:56 Stone Shaft Mining
29:05 Fishing Lines
29:41 Bodkin Arrow
31:59 Chemistry
34:11 Leather Archer Armor
34:32 Treadmill Crane
35:58 Paper Money
36:55 Bracer
37:25 Ring Archer Armor
37:30 Elite Rattan Archer
38:42 Ballistics
51:08 Wheelbarrow
50:34 Town Patrol
53:53 Thumb Ring
53:09 Elite Skirmisher
53:41 Pikeman
54:22 Squires
54:07 Arson
54:18 Imperial Skirmisher
57:31 Ring Archer Armor
Mr. Cold
0:36 Loom
10:44 Feudal Age
11:20 Double-Bit Axe
13:30 Fletching
15:38 Horse Collar
19:10 Wheelbarrow
22:57 Castle Age
21:16 Stone Mining
21:20 Gold Mining
24:59 Hand Cart
24:55 Bow Saw
24:57 Heavy Plow
29:46 Stone Shaft Mining
31:51 Imperial Age
30:53 Ballistics
31:27 Bodkin Arrow
31:32 Padded Archer Armor
31:43 Thumb Ring
34:14 Chemistry
33:34 Leather Archer Armor
34:43 Conscription
35:29 Bracer
37:38 Ring Archer Armor
40:15 Two-Man Saw
43:12 Elite Genoese Crossbowman
44:03 Pirotechnia
45:17 Caravan
47:14 Arson
47:29 Squires
47:30 Scale Mail Armor
47:40 Forging
48:50 Chain Mail Armor
51:36 Plate Mail Armor
51:42 Iron Casting
58:15 Blast Furnace
57:30 Guilds
57:50 Coinage
Sahraoui
13:01 Feudal Age
13:37 Double-Bit Axe
13:35 Domestication
16:33 Castle Age
15:39 Loom
16:30 Wheelbarrow
27:03 Forging
26:58 Scale Barding Armor
26:44 Fletching
26:58 Scale Mail Armor
26:58 Gold Mining
27:23 Bow Saw
27:27 Pastoralism
29:04 Iron Casting
32:55 Imperial Age
30:41 Hand Cart
30:21 Town Watch
30:56 Chain Mail Armor
30:37 Bodkin Arrow
31:04 Chain Barding Armor
31:11 Ballistics
31:36 Gambesons
31:52 Squires
31:37 Arson
31:13 Pikeman
33:17 Elite Fire Lancer
34:41 Plate Mail Armor
34:50 Plate Barding Armor
34:16 Bracer
35:21 Chemistry
34:27 Siege Engineers
34:33 Masonry
34:08 Heavy Rocket Cart
39:30 Bracer
58:32 Husbandry
57:53 Light Cavalry
Kingbirra10
9:28 Loom
12:16 Feudal Age
15:50 Castle Age
13:54 Horse Collar
14:03 Double-Bit Axe
19:04 Wheelbarrow
19:09 Devotion
22:10 Heavy Plow
30:37 Imperial Age
28:20 Gold Mining
28:40 Scale Barding Armor
28:48 Forging
30:11 Chain Barding Armor
29:45 Stone Mining
30:52 Bow Saw
31:19 Iron Casting
31:03 Hand Cart
31:00 Husbandry
31:10 Bloodlines
31:46 Crop Rotation
33:08 Faith
34:07 Gold Shaft Mining
33:55 Conscription
34:27 Plate Barding Armor
35:48 Blast Furnace
34:54 Elite War Elephant
39:46 Ballistics
39:37 Masonry
41:55 Fletching
41:47 Heavy Camel Rider
45:57 Capped Ram
48:15 Two-Man Saw
47:13 Bodkin Arrow
47:01 Siege Ram
61:20 Fervor
61:27 Block Printing
Orangebaral
0:31 Loom
13:48 Feudal Age
17:03 Fletching
20:15 Castle Age
22:06 Double-Bit Axe
23:01 Atonement
27:40 Bow Saw
27:11 Horse Collar
27:44 Redemption
27:57 Clerical Recruitment
30:08 Wheelbarrow
29:50 Scale Mail Armor
33:48 Imperial Age
31:52 Chain Mail Armor
32:08 Forging
31:49 Pikeman
32:30 Squires
32:28 Bodkin Arrow
34:07 Ballistics
34:02 Forging
33:58 Elite Hearth Troop
34:51 Bracer
35:46 Pikeman
37:01 Plate Mail Armor
37:07 Block Printing
36:26 Halberdier
41:53 Devotion
42:15 Sanctity
46:40 Iron Casting
49:55 Elite Skirmisher
Gen ALPHA RIZZLER 67
6:45 Loom
12:12 Feudal Age
15:56 Castle Age
14:06 Double-Bit Axe
14:18 Fishing Lines
16:56 Bow Saw
20:55 Stone Mining
21:00 Gillnets
21:53 Scale Barding Armor
23:03 Wheelbarrow
23:10 Caravan
23:52 Gold Mining
24:38 Stone Shaft Mining
25:43 Hand Cart
29:14 Scale Mail Armor
29:25 Forging
32:21 Imperial Age
30:36 Coinage
31:03 Chain Barding Armor
31:20 Iron Casting
30:15 Vendel Legacy
30:53 Town Watch
33:48 Plate Barding Armor
34:14 Blast Furnace
32:36 Cavalier
33:16 Husbandry
33:26 Bloodlines
33:46 Horse Collar
34:49 Chain Mail Armor
35:14 Banking
34:56 Guilds
34:57 Town Patrol
35:08 Heavy Plow
37:56 Conscription
39:14 Light Cavalry
40:38 Ballistics
40:31 Pikeman
42:26 Hussar
44:01 Crop Rotation
53:03 Siege Engineers
boomer2000
2:13 Loom
11:25 Feudal Age
12:50 Double-Bit Axe
15:16 Castle Age
13:27 Fishing Lines
14:45 Gold Mining
16:30 Bow Saw
24:02 Gillnets
25:54 Stone Mining
27:59 Wheelbarrow
28:51 Gold Shaft Mining
28:51 Stone Shaft Mining
29:08 Fletching
29:19 Padded Archer Armor
30:32 Hand Cart
34:34 Imperial Age
32:33 Caravan
32:54 Bodkin Arrow
33:15 Leather Archer Armor
34:10 Town Watch
35:03 Ballistics
34:50 Scale Barding Armor
34:56 Forging
35:21 Masonry
35:27 Bracer
36:30 Chemistry
35:12 Onager
36:22 Siege Engineers
36:47 Drill
39:03 Elite Mangudai
41:36 Siege Onager
42:53 Hoardings
43:22 Conscription
45:14 Nomads
50:33 Parthian Tactics
50:13 Thumb Ring
50:38 Capped Ram
51:35 Bloodlines
51:25 Husbandry
52:12 Siege Ram
Matsku
11:38 Feudal Age
15:27 Castle Age
13:20 Double-Bit Axe
14:44 Scale Barding Armor
21:23 Bow Saw
23:54 Wheelbarrow
24:45 Wheelbarrow
24:30 Gold Mining
27:49 Hand Cart
29:15 Gold Shaft Mining
30:48 Chain Barding Armor
34:11 Imperial Age
31:54 Stone Mining
32:29 Forging
34:04 Husbandry
34:40 Iron Casting
34:51 Masonry
34:22 Treadmill Crane
35:04 Ballistics
34:33 Light Cavalry
34:39 Cavalier
37:48 Plate Barding Armor
38:13 Blast Furnace
36:45 Pikeman
37:26 Scale Mail Armor
37:27 Elite Skirmisher
38:08 Padded Archer Armor
39:17 Chemistry
38:48 Architecture
38:46 Fletching
38:39 Heavy Scorpion
38:44 Onager
40:26 Squires
40:12 Arson
40:13 Halberdier
43:06 Chain Mail Armor
47:01 Caravan
55:02 Conscription
55:09 Heavy Scorpion
Connection lost

Rejoining the realm…

Still unreachable

The connection could not be restored.

Session expired

The server has moved on; the page needs a fresh start.